 Dungeon Crawl Stone Soup version 0.31.0-32-g396128a36d (webtiles) character file.

Game seed: 8580953772670551336

495755 Peloso the Hoplite (level 23, -9/219 (226) HPs)
             Began as a Minotaur Fighter on Apr 1, 2024.
             Was the Champion of Okawaru.
             Killed by a malign offering
             ... invoked by a deep elf high priest
              (27 damage)
             ... on level 4 of the Vaults.
             The game lasted 03:15:38 (60150 turns).

Peloso the Hoplite (Minotaur Fighter)              Turns: 60150, Time: 03:15:39

HP:   -9/219 (226)  AC: 33    Str: 26    XL:     23   Next: 96%
MP:   34/34         EV: 15    Int: 10    God:    Okawaru [******]
Gold: 1622          SH: 20    Dex: 27    Spells: 22/22 levels left

rFire   + . .        b - +9 double sword (heavy)
rCold   + . .        d - +0 kite shield {reflect}
rNeg    . . .        P - +6 plate armour "Zeruck" {rElec Regen+}
rPois   .            U - +3 hat of Pondering {ponderous, Will+ MP+10 Int+5}
rElec   +            R - scarf {rC+ rF+}
rCorr   .            o - +0 pair of gloves "Loruol" {Str+3 Dex+2}
SInv    .            p - +1 pair of boots
Will    ++...        S - amulet of regeneration Stlth
                     z - +4 ring of slaying
HPRegen 2.16/turn    i - +6 ring of dexterity
MPRegen 0.24/turn

%: reflection
@: flying, studying 2 skills, lightly drained, slow
A: horns 2, retaliatory headbutt
}: 2/15 runes: barnacled, gossamer
a: Renounce Religion, Heroism, Finesse, Duel


You were on level 4 of the Vaults.
You worshipped Okawaru.
Okawaru was exalted by your worship.
You visited 8 branches of the dungeon, and saw 39 of its levels.
You visited the Abyss 1 time.
You visited 1 bazaar.
You also visited: Ice Cave.

You collected 5408 gold pieces.
You spent 3786 gold pieces at shops.

Inventory:

Hand Weapons
 a - a +9 spectral double sword
 b - a +9 heavy double sword (weapon)
Armour
 d - a +0 kite shield of reflection (worn)
 k - +0 storm dragon scales
 n - a +1 cloak of poison resistance
 o - the +0 pair of gloves "Loruol" (worn) {Str+3 Dex+2}
   (Okawaru gifted it to you on level 1 of the Vaults)

   Str+3:     It affects your strength (+3).
   Dex+2:     It affects your dexterity (+2).
 p - a +1 pair of boots (worn)
 P - the +6 plate armour "Zeruck" (worn) {rElec Regen+}
   (You took it off a deep elf master archer on level 3 of the Elven Halls)

   rElec:     It insulates you from electricity.
   Regen+:    It increases your rate of health regeneration.
 R - a scarf of resistance (worn)
 U - the +3 hat of Pondering (worn) {ponderous, Will+ MP+10 Int+5}
   (You took it off Gastronok on level 2 of the Lair of Beasts)

   Int+5:     It affects your intelligence (+5).
   Will+:     It increases your willpower.
   MP+10:     It affects your magic capacity (+10).
Jewellery
 i - a +6 ring of dexterity (right hand)
 j - an amulet of faith
 r - the ring of Doanken {rPois rF+}
   (You bought it in a shop in a bazaar)

   [ring of poison resistance]

   rF+:       It protects you from fire.
   rPois:     It protects you from poison
 z - a +4 ring of slaying (left hand)
 K - a ring of willpower
 S - an amulet of regeneration (around neck)
 Z - the ring "Behuyry" {rElec rF- Will+ rCorr}
   (You took it off a vault warden on level 4 of the Vaults)

   [ring of willpower]

   rF-:       It makes you vulnerable to fire.
   rElec:     It insulates you from electricity.
   Will+:     It increases your willpower.
   rCorr:     It protects you from acid and corrosion.
Talismans
 e - a dragon-blood talisman
 y - the storm talisman "Koigh" {Will- Str+3 Int+7 Stlth+}
   (You found it on level 1 of the Vaults)

   [storm talisman]

   Str+3:     It affects your strength (+3).
   Int+7:     It affects your intelligence (+7).
   Will-:     It decreases your willpower.
   Stlth+:    It makes you more stealthy.
 I - the serpent talisman of the Equator {Fly rF+ rC+ Int-4}
   (You took it off Aizul on level 1 of the Elven Halls)

   [serpent talisman]

   Int-4:     It affects your intelligence (-4).
   rF+:       It protects you from fire.
   rC+:       It protects you from cold.
   Fly:       It grants you flight.
 L - a granite talisman
Wands
 D - a wand of digging (5)
Scrolls
 g - 2 scrolls of revelation
 l - 12 scrolls of immolation
 s - 4 scrolls of fear
 t - 17 scrolls of identify
 E - 3 scrolls of poison
 T - 16 scrolls of teleportation
 V - a scroll of blinking
Potions
 c - a potion of cancellation
 f - a potion of berserk rage
 h - 5 potions of heal wounds
 v - 5 potions of curing
 x - 4 potions of haste
 F - 3 potions of resistance
 J - 7 potions of enlightenment
 M - 4 potions of might
 X - 4 potions of invisibility


   Skills:
 + Level 23.0 Fighting
 + Level 22.7 Long Blades
 + Level 20.9 Armour
 + Level 8.3 Dodging
 + Level 4.8 Stealth
 + Level 26.6 Shields
 + Level 3.3 Invocations
 + Level 1.7 Evocations
 + Level 8.1 Shapeshifting


You had 22 spell levels left.
You didn't know any spells.
Your spell library contained the following spells:

 Spells                   Type           Power      Damage    Failure   Level
 Apportation              Tloc           0%         N/A       87%         1
 Foxfire                  Conj/Fire      0%         2x1d4     87%         1
 Freeze                   Ice            0%         1d3       87%         1
 Magic Dart               Conj           0%         1d3       87%         1
 Sandblast                Erth           0%         2d4       87%         1
 Sting                    Conj/Alch      0%         1d3       87%         1
 Blink                    Tloc           0%         N/A       95%         2
 Cigotuvi's Dreadful Rot  Necr/Alch/Air  0%         N/A       95%         2
 Jinxbite                 Hex            0%         N/A       95%         2
 Lesser Beckoning         Tloc           0%         N/A       95%         2
 Mercury Vapours          Alch/Air       0%         N/A       95%         2
 Momentum Strike          Conj/Tloc      0%         3d8       95%         2
 Searing Ray              Conj           0%         2d4       95%         2
 Static Discharge         Conj/Air       0%         3-3/arc   95%         2
 Dazzling Flash           Conj/Hex       0%         N/A       99%         3
 Frozen Ramparts          Ice            0%         1d1       99%         3
 Hailstorm                Conj/Ice       0%         3d5       99%         3
 Inner Flame              Hex/Fire       0%         N/A       99%         3
 Ozocubu's Armour         Ice            0%         N/A       99%         3
 Sigil of Binding         Hex            0%         N/A       99%         3
 Stone Arrow              Conj/Erth      0%         3d7       99%         3
 Volatile Blastmotes      Fire/Tloc      0%         2d10      99%         3
 Airstrike                Air            0%         2d(0-16)  100%        4
 Dimensional Bullseye     Hex/Tloc       0%         N/A       100%        4
 Fulminant Prism          Conj/Alch      0%         3d5       100%        4
 Ignite Poison            Fire/Alch      0%         N/A       100%        4
 Leda's Liquefaction      Alch/Erth      0%         N/A       100%        4
 Manifold Assault         Tloc           0%         N/A       100%        4
 Olgreb's Toxic Radiance  Alch           0%         N/A       100%        4
 Passage of Golubria      Tloc           0%         N/A       100%        4
 Petrify                  Alch/Erth      0%         N/A       100%        4
 Alistair's Intoxication  Alch           0%         N/A       100%        5
 Borgnjor's Vile Clutch   Necr/Erth      0%         N/A       100%        5
 Freezing Cloud           Conj/Ice/Air   0%         6-21      100%        5
 Irradiate                Conj/Alch      0%         3d11      100%        5
 Iskenderun's Battlesphe  Conj           0%         2d6       100%        5
 Lee's Rapid Deconstruct  Erth           0%         3d4*      100%        5
 Metabolic Englaciation   Hex/Ice        0%         N/A       100%        5
 Yara's Violent Unravell  Hex/Alch       0%         3d3       100%        5
 Bombard                  Conj/Erth      0%         9d1       100%        6
 Conjure Ball Lightning   Conj/Air       0%         3x3d6     100%        6
 Dispersal                Tloc           0%         N/A       100%        6
 Eringya's Noxious Bog    Alch           0%         4d6       100%        6
 Plasma Beam              Fire/Air       0%         2x1d10    100%        6
 Starburst                Conj/Fire      0%         6d3       100%        6
 Orb of Destruction       Conj           0%         9d5       100%        7
 Discord                  Hex            0%         N/A       100%        8
 Disjunction              Tloc           0%         N/A       100%        8
 Ignition                 Fire           0%         3d3       100%        8
 Lehudib's Crystal Spear  Conj/Erth      0%         10d2      100%        8
 Maxwell's Capacitive Co  Air            0%         ∞         100%        8
 Chain Lightning          Conj/Air       0%         N/A       100%        9
 Call Canine Familiar     Summ           Unusable   N/A       N/A         3
 Summon Ice Beast         Ice/Summ       Unusable   N/A       N/A         3
 Tukima's Dance           Hex            Unusable   N/A       N/A         3
 Animate Armour           Summ/Erth      Unusable   N/A       N/A         4
 Martyr's Knell           Necr/Summ      Unusable   N/A       N/A         4
 Summon Blazeheart Golem  Fire/Summ      Unusable   N/A       N/A         4
 Summon Lightning Spire   Summ/Air       Unusable   N/A       N/A         4
 Sculpt Simulacrum        Ice/Alch       Unusable   N/A       N/A         6
 Haunt                    Necr/Summ      Unusable   N/A       N/A         7
 Spellforged Servitor     Conj/Summ      Unusable   N/A       N/A         7

Dungeon Overview and Level Annotations

Branches:
Dungeon (15/15)            Temple (1/1) D:7            Lair (5/5) D:8
 Shoals (4/4) Lair:2       Spider (4/4) Lair:2        Slime (0/5) Lair:5
    Orc (2/2) D:11            Elf (3/3) Orc:2        Vaults (5/5) D:14
  Crypt (0/3) Vaults:2     Depths (0/4) D:15          IceCv (visited)

Altars:
Ashenzari
Cheibriados
Dithmenos
Elyvilon
Fedhas
Gozag
Hepliaklqana
Kikubaaqudgha
Makhleb
Nemelex Xobeh
Okawaru
Qazlal
Ru
Sif Muna
Trog
Uskayaw
Vehumet
Wu Jian
Xom
Yredelemnul
Zin
The Shining One

Shops:
D:3 ?   D:6 *   D:7 *   D:8 !   D:15 [   Orc:2 *[!(   Elf:1 :   Shoals:1 **(
Shoals:3 [:[   Vaults:2 (   Vaults:3 !   Vaults:4 ?

Annotations:
D:13 Casa - 2 runed translucent doors, exclusion: orange crystal statue
D:14 Roxanne


Innate Abilities, Weirdness & Mutations

You have a pair of horns on your head.
You reflexively headbutt those who attack you in melee.


Message History

You headbutt the war gargoyle.
The war gargoyle is moderately damaged.
The shadow dragon breathes negative energy at you.
The bolt of negative energy hits you!!
You feel drained.
The bolt of negative energy hits the war gargoyle.
The war gargoyle completely resists.
The deep elf high priest says, "You will make a fine sacrifice."
The deep elf high priest utters a dark prayer and points at you.
Your life force is offered up.
The shadow dragon is healed.
The deep elf high priest is healed.
You block the war gargoyle's attack.
You slice the war gargoyle like a ripe choko!!!!
You destroy the war gargoyle!
Okawaru accepts your kill.
The shadow dragon bites you but does no damage.
You block the shadow dragon's attack. x2
The deep elf high priest utters a dark prayer and points at you.
Your life force is offered up.
The shadow dragon is healed.
The deep elf high priest is healed.
You closely miss the deep elf high priest.
You headbutt the deep elf high priest!
The deep elf high priest is moderately wounded.
The shadow dragon barely misses you. You furiously retaliate!
You headbutt the shadow dragon!! The shadow dragon barely misses you.
You block the shadow dragon's attack.
The deep elf high priest utters a dark prayer and points at you.
Your life force is offered up.
* * * LOW HITPOINT WARNING * * *
The shadow dragon is healed.
The deep elf high priest is healed.
You slash the deep elf high priest!
You headbutt the deep elf high priest, but do no damage.
The deep elf high priest is moderately wounded.
You block the shadow dragon's attack. x3
The deep elf high priest utters a dark prayer and points at you.
Your life force is offered up.
* * * LOW HITPOINT WARNING * * *
The deep elf high priest is healed.
The shadow dragon barely misses you.
The shadow dragon claws you but does no damage. x2
The deep elf high priest utters a dark prayer and points at you.
Your life force is offered up.
You die...

...# #.......# ...#
#.......# ...#
#.......# ...#
#.......# '#####
#'####### .....###
###.....###
.......###.........##
........#...........#
........'...<..D@)..#
........#........e..#
.......###.........##
.....### ###.....###
###### ####### #####
#...# #...# #####...#


You could see a shadow dragon and a deep elf high priest.

Vanquished Creatures
  Mara (Shoals:3)
  Bai Suzhen (Vaults:4)
  Nikola (Vaults:1)
  Rupert (Spider:1)
  2 deep elf blademasters (Elf:3)
  Asterion (Elf:3)
  A lich (Vaults:3)
  Mlioglotl (Shoals:3)
  A titan (Vaults:4)
  2 deep elf master archers (Elf:3)
  2 sphinxes
  Gastronok (Lair:2)
  Frances (D:13)
  A storm dragon (Vaults:4)
  A tengu reaver (Vaults:1)
  Agnes (Elf:1)
  Aizul (Elf:1)
  Donald (Vaults:1)
  A fire giant (Vaults:5)
  11 deep elf sorcerers
  5 ghost moths
  5 emperor scorpions
  11 vault wardens
  7 orc warlords
  4 broodmothers
  3 stone giants
  A formless jellyfish (Shoals:4)
  14 ironbound preservers
  Nessos (Orc:2)
  5 ironbound thunderhulks
  3 deep elf death magi
  7 deep elf demonologists
  6 deep elf annihilators
  2 war gargoyles
  16 dire elephants
  2 spark wasps
  3 merfolk javelineers
  Josephine (D:13)
  2 crystal guardians
  2 fire dragons (D:15)
  6 merfolk impalers
  11 yaktaur captains
  3 ettins
  The ghost of mora the Covert, a journeyman OpBr of Dithmenos (Lair:1)
  9 deep elf high priests
  A rakshasa (D:12)
  Fannar (D:12)
  6 great orbs of eyes
  2 entropy weavers
  30 vault guards
  6 hydras
  7 ironbound frosthearts
  3 catoblepae (Lair:5)
  Erica (D:9)
  3 jorogumos
  An ogre mage (Vaults:4)
  2 peacekeepers
  3 radroaches
  5 merfolk avatars
  7 boulder beetles
  3 merfolk aquamancers
  3 two-headed ogres
  29 dancing weapons
  7 centaur warriors
  A death scarab (Spider:3)
  17 death yaks
  A tengu warrior (D:14)
  A vampire mage (Vaults:2)
  12 demonic crawlers
  A thrashing horror (Abyss:4)
  6 orc high priests
  Nergalle (D:10)
  Amaemon (D:10)
  Sonja (Orc:1)
  27 deep elf knights
  4 skysharks
  A skyshark (shapeshifter) (Vaults:4)
  38 deep trolls
  10 sea snakes
  11 pharaoh ants
  9 glowing orange brains
  8 sun moths
  A kraken simulacrum (Shoals:4)
  11 orb spiders
  7 arcanists
  17 deep elf archers
  3 phantasmal warriors
  2 bog bodies (IceCv)
  20 orc knights
  16 ironbound convokers
  13 lindwurms
  5 steelbarb worms
  31 deep elf pyromancers
  22 deep elf zephyrmancers
  2 orc sorcerers
  41 harpies
  4 necromancers
  An oklob plant (Lair:3)
  27 wolf spiders
  2 frost giant zombies
  A tengu skeleton (Vaults:2)
  6 fauns
  A faun (shapeshifter) (Vaults:4)
  29 ugly things
  21 manticores
  9 cyclopes
  3 rust devils (D:10)
  2 kobold blastminers (Orc:1)
  9 meliai
  5 merfolk sirens
  9 elephants
  A human skeleton (Vaults:1)
  2 moths of wrath
  17 vault sentinels
  A black mamba (shapeshifter) (Elf:3)
  A moth of wrath (shapeshifter) (Vaults:1)
  2 black mambas
  2 water nymphs (Shoals:4)
  Joseph (D:10)
  5 torpor snails
  A smoke demon (D:10)
  An ice statue (IceCv)
  3 gargoyles (D:12)
  An orange demon (D:10)
  2 human zombies
  2 unseen horrors (D:10)
  10 cane toads
  3 rime drakes
  Maggie (D:9)
  A freezing wraith (Vaults:1)
  A yaktaur (shapeshifter) (D:14)
  A large abomination (Abyss:4)
  29 yaktaurs
  2 kobold demonologists
  An efreet (D:15)
  A tengu conjurer (D:14)
  5 komodo dragons
  10 trolls
  2 polar bears
  A merfolk (shapeshifter) (Vaults:4)
  29 merfolk
  Grinder (D:4)
  6 hornets
  A blink frog (shapeshifter) (Elf:2)
  13 wind drakes
  12 dream sheep (Lair:5)
  2 elf zombies
  26 tarantellas
  6 snapping turtles
  19 blink frogs
  6 wraiths
  18 culicivoras
  30 jumping spiders
  53 slime creatures
  3 air elementals (Elf:3)
  A dire elephant simulacrum (IceCv)
  6 water elementals
  A shadow (D:11)
  4 fire elementals
  59 yaks
  Eustachio (D:5)
  2 vampires
  4 wyverns
  A human (D:11)
  4 basilisks
  A warg (D:11)
  4 steam dragons
  10 vampire mosquitoes
  59 redbacks
  A harpy simulacrum (IceCv)
  16 water moccasins
  An entropy weaver zombie (Vaults:3)
  A glowing shapeshifter zombie (Vaults:1)
  4 acid dragons
  2 sky beasts (D:6)
  4 ice beasts (D:5)
  40 orc warriors
  3 black bears
  3 laughing skulls
  7 ogres
  19 wolves
  14 centaurs
  A boggart (Elf:1)
  A phantom (D:7)
  7 kobold brigands
  19 bullfrogs
  4 gnoll sergeants
  A scorpion (D:6)
  3 earth elementals
  7 two-headed ogre simulacra (IceCv)
  2 cane toad simulacra (IceCv)
  3 wights (D:7)
  2 elephant simulacra (IceCv)
  A killer bee (D:9)
  6 howler monkeys
  6 electric eels
  A lava snake (D:10)
  4 hounds
  Crazy Yiuf (D:2)
  3 bombardier beetles
  8 jellies
  A gnoll bouda (D:9)
  38 orc priests
  An iguana (D:4)
  29 orc wizards
  8 spriggan simulacra (IceCv)
  3 polar bear simulacra (IceCv)
  3 troll simulacra (IceCv)
  A wolf simulacrum (IceCv)
  Robin (D:1)
  5 adders
  18 gnolls
  A river rat (shapeshifter) (D:13)
  6 naga simulacra (IceCv)
  3 shadow imps
  17 white imps
  9 ufetubi
  2 dart slugs
  2 ribbon worms
  84 orcs
  8 bats
  15 endoplasms
  A giant cockroach (D:1)
  15 goblins
  9 hobgoblins
  3 jackals (D:1)
  18 kobolds
  3 quokkas
  8 ball pythons
  7 frilled lizards
  5 rats
  A butterfly (Lair:3)
  A tentacle (Shoals:4)
1766 creatures vanquished.

Vanquished Creatures (others)
  A sphinx (Vaults:1)
  An occultist (Elf:1)
  A pharaoh ant (Spider:1)
  A sea snake (Shoals:4)
  9 spectral weapons
  6 tentacles (Shoals:4)
19 creatures vanquished.

Grand Total: 1785 creatures vanquished

Notes
Turn   | Place    | Note
-------+----------+-------------------------------------------
     0 | D:1      | Peloso the Minotaur Fighter began the quest for the Orb.
     0 | D:1      | Reached XP level 1. HP: 19/19 MP: 0/0
    71 | D:1      | Reached XP level 2. HP: 27/27 MP: 1/1
   308 | D:1      | Reached skill level 4 in Shields
   508 | D:1      | Reached XP level 3. HP: 29/33 MP: 2/2
   912 | D:2      | Noticed Robin
   967 | D:1      | Reached XP level 4. HP: 11/40 MP: 3/3
   973 | D:1      | Killed Robin
  1918 | D:2      | Found a runed translucent door.
  1919 | D:2      | Noticed Crazy Yiuf
  2292 | D:3      | Reached skill level 1 in Dodging
  2292 | D:3      | Reached XP level 5. HP: 32/47 MP: 4/4
  2425 | D:3      | Found Demor's Magic Scroll Boutique.
  2431 | D:3      | Bought a scroll of blinking for 82 gold pieces
  2431 | D:3      | Bought a scroll of teleportation for 33 gold pieces
  2969 | D:4      | Noticed Grinder
  2978 | D:4      | Paralysed by Grinder for 3 turns
  2996 | D:4      | Killed Grinder
  2997 | D:4      | Reached skill level 5 in Fighting
  2997 | D:4      | Reached skill level 5 in Long Blades
  2997 | D:4      | Reached skill level 5 in Armour
  2997 | D:4      | Reached XP level 6. HP: 7/56 MP: 5/5
  3593 | D:5      | Entered Level 5 of the Dungeon
  3602 | D:5      | Found a transporter.
  3607 | D:5      | Noticed an ice beast
  3607 | D:5      | Noticed an ice beast
  3684 | D:5      | Noticed an ice beast
  3766 | D:5      | Noticed Eustachio
  3831 | D:5      | Killed Eustachio
  3832 | D:5      | Reached XP level 7. HP: 61/61 MP: 6/6
  4110 | D:5      | Found a transporter.
  4607 | D:5      | Found a shimmering blue altar of Sif Muna.
  4611 | D:5      | Found a hide-covered altar of Uskayaw.
  4791 | D:6      | Reached skill level 5 in Shields
  4818 | D:6      | Reached XP level 8. HP: 49/70 MP: 7/7
  5429 | D:6      | Reached skill level 6 in Shields
  5429 | D:6      | Reached skill level 1 in Shapeshifting
  5808 | D:5      | Reached XP level 9. HP: 76/78 MP: 8/8
  5843 | D:6      | Found Gaelataadi's General Store.
  5859 | D:6      | Bought a scroll of identify for 22 gold pieces
  5938 | D:6      | Found a shimmering altar of Xom.
  6229 | D:7      | Found a staircase to the Ecumenical Temple.
  6259 | Temple   | Entered the Ecumenical Temple
  6266 | Temple   | Became a worshipper of Warmaster Okawaru
  6333 | D:7      | Found Juetycso's Serpentskin Sales.
  6342 | D:7      | Bought a scroll of poison for 56 gold pieces
  6983 | D:8      | Reached skill level 10 in Long Blades
  6987 | D:8      | Found a staircase to the Lair.
  7155 | D:8      | Reached * piety under Okawaru
  7194 | D:8      | Noticed a troll
  7200 | D:8      | Killed a troll
  7355 | D:8      | Reached skill level 7 in Shields
  7452 | D:8      | Found Caweath's Distillery.
  7465 | D:8      | Bought a potion of mutation for 120 gold pieces
  7465 | D:8      | Bought a potion of enlightenment for 75 gold pieces
  7465 | D:8      | Bought a potion of berserk rage for 75 gold pieces
  7662 | D:8      | Reached XP level 10. HP: 88/88 MP: 9/9
  7675 | D:8      | Reached ** piety under Okawaru
  7761 | D:8      | Reached skill level 1 in Stealth
  8202 | D:9      | Noticed Maggie
  8213 | D:9      | Killed Maggie
  8213 | D:9      | Reached *** piety under Okawaru
  8221 | D:9      | Identified the +3 kite shield "Ukerghyr" {-Tele rElec Str+2
                  | Int+4}
  9029 | D:9      | Reached **** piety under Okawaru
  9039 | D:9      | Paralysed by a hornet for 2 turns
  9313 | D:9      | Noticed Erica
  9319 | D:9      | Killed Erica
  9320 | D:9      | Reached XP level 11. HP: 97/97 MP: 7/10
  9989 | D:10     | Entered Level 10 of the Dungeon
 10136 | D:10     | Noticed a two-headed ogre
 10146 | D:10     | Killed a two-headed ogre
 10147 | D:10     | Reached skill level 10 in Armour
 10417 | D:10     | Reached ***** piety under Okawaru
 10669 | D:10     | Reached skill level 10 in Fighting
 10694 | D:10     | Noticed Amaemon
 10703 | D:10     | Killed Amaemon
 10704 | D:10     | Reached skill level 8 in Shields
 10775 | D:10     | Noticed Nergalle
 10787 | D:10     | Killed Nergalle
 10866 | D:10     | Found a white marble altar of Elyvilon.
 10866 | D:10     | Found a glowing golden altar of the Shining One.
 11037 | D:10     | Noticed Joseph
 11044 | D:10     | Killed Joseph
 11308 | D:11     | You fall into a shaft and drop 2 floors!
 11309 | D:13     | Found the +10 tower shield of Ignorance {rN+ Int-4}
 11315 | D:13     | Found a runed translucent door.
 11319 | D:13     | Received a gift from Okawaru
 11320 | D:13     | Noticed Josephine
 11334 | D:13     | Killed Josephine
 11370 | D:13     | Reached skill level 5 in Dodging
 11395 | D:13     | Reached XP level 12. HP: 63/107 MP: 7/11
 12006 | D:13     | Noticed a boulder beetle
 12007 | D:13     | Found a runed translucent door.
 12017 | D:13     | Killed a boulder beetle
 12017 | D:13     | Received a gift from Okawaru
 12055 | D:13     | Noticed a centaur warrior
 12080 | D:13     | Killed a centaur warrior
 12081 | D:13     | Reached skill level 1 in Invocations
 12081 | D:13     | Reached skill level 5 in Shapeshifting
 12092 | D:13     | Reached skill level 9 in Shields
 12597 | D:12     | Reached skill level 10 in Shields
 12618 | D:12     | Found a frozen archway.
 12845 | IceCv    | Entered an ice cave
 14231 | IceCv    | Identified the +7 short sword of the Wilderness {vamp,
                  | *Slow rPois Str+4}
 14671 | D:11     | Received a gift from Okawaru
 15051 | D:11     | Found a staircase to the Orcish Mines.
 15207 | D:11     | Noticed a two-headed ogre
 15216 | D:11     | Reached XP level 13. HP: 116/116 MP: 13/13
 15220 | D:11     | Reached skill level 11 in Shields
 15673 | Lair:1   | Entered Level 1 of the Lair of Beasts
 15875 | Lair:1   | Found a runed translucent door.
 15875 | Lair:1   | Noticed mora's ghost (journeyman OpBr)
 16189 | Lair:1   | Received a gift from Okawaru
 16625 | Lair:2   | Reached skill level 15 in Long Blades
 16825 | Lair:2   | Received a gift from Okawaru
 16867 | Lair:2   | Found a staircase to the Shoals.
 16890 | Lair:2   | Noticed Gastronok
 16918 | Lair:2   | Reached skill level 12 in Shields
 16939 | Lair:2   | Killed Gastronok
 16943 | Lair:2   | Found a hole to the Spider Nest.
 17863 | Lair:3   | Received a gift from Okawaru
 18027 | Lair:3   | Found the +1 robe of Vines {NoPotionHeal Regen++++}
 18403 | Lair:3   | Reached ****** piety under Okawaru
 18558 | Lair:3   | Reached XP level 14. HP: 110/129 MP: 12/14
 19049 | D:12     | Received a gift from Okawaru
 19589 | D:12     | Noticed Fannar
 19595 | D:12     | Killed Fannar
 19701 | Orc:1    | Entered Level 1 of the Orcish Mines
 19884 | Orc:1    | Paralysed by an orc sorcerer for 2 turns
 20067 | Orc:2    | Entered Level 2 of the Orcish Mines
 20067 | Orc:2    | Noticed Sonja
 20313 | Orc:1    | Killed Sonja
 20630 | Orc:2    | Reached skill level 13 in Shields
 20929 | Orc:2    | Found a staircase to the Elven Halls.
 20932 | Orc:2    | Noticed Nessos
 20939 | Orc:2    | Killed Nessos
 21090 | Orc:2    | Received a gift from Okawaru
 22553 | Orc:2    | Found Paodiro's Assorted Antiques.
 22556 | Orc:2    | Found Tunigog's Distillery.
 22557 | Orc:2    | Found Pukkylia's Antique Weapon Shoppe.
 22558 | Orc:2    | Found Yfegg's Antique Armour Emporium.
 22562 | Orc:2    | Bought a potion of might for 68 gold pieces
 22565 | Orc:2    | Bought a bubbling grey potion for 24 gold pieces
 23364 | D:13     | Received a gift from Okawaru
 23537 | D:13     | Noticed Frances
 23548 | D:13     | Killed Frances
 23549 | D:13     | Reached skill level 14 in Shields
 25140 | Lair:4   | Identified the staff of Liwiadd {rPois rC+ rCorr Str+3
                  | Alchemy}
 25311 | Lair:5   | Entered Level 5 of the Lair of Beasts
 25322 | Lair:5   | Received a gift from Okawaru
 25373 | Lair:5   | Reached XP level 15. HP: 83/139 MP: 15/15
 25758 | Lair:5   | Found a staircase to the Slime Pits.
 25973 | Lair:5   | Received a gift from Okawaru
 26336 | Lair:5   | Reached skill level 15 in Shields
 26519 | Lair:5   | Reached skill level 15 in Fighting
 26719 | Lair:5   | Reached skill level 15 in Armour
 27124 | D:14     | Noticed Roxanne
 28170 | D:14     | Received a gift from Okawaru
 28671 | D:14     | Reached skill level 16 in Shields
 28718 | D:14     | Found a gate to the Vaults.
 28988 | D:15     | Entered Level 15 of the Dungeon
 29060 | D:15     | Reached XP level 16. HP: 151/151 MP: 16/16
 29162 | D:15     | Found a broken altar of Ashenzari.
 29261 | D:15     | Received a gift from Okawaru
 29362 | D:15     | Found a staircase to the Depths.
 29472 | D:15     | Found an iron altar of Okawaru.
 29518 | D:15     | Found Qiuliyd's Armour Shop.
 30062 | D:2      | Killed Crazy Yiuf
 30574 | Lair:1   | Killed mora's ghost
 31021 | Spider:1 | Entered Level 1 of the Spider Nest
 31598 | Spider:1 | Reached skill level 17 in Shields
 31939 | Spider:1 | Received a gift from Okawaru
 32459 | Spider:1 | Noticed Rupert
 32478 | Spider:1 | Killed Rupert
 32478 | Spider:1 | Received a gift from Okawaru
 33149 | Spider:2 | Reached skill level 18 in Shields
 33374 | Spider:2 | Identified the +3 scale mail of Slimy Happiness {rF- Str+2
                  | Int+5}
 34419 | Spider:2 | Reached XP level 17. HP: 161/161 MP: 17/17
 35388 | Spider:3 | Received a gift from Okawaru
 35662 | Spider:3 | Reached skill level 19 in Shields
 36732 | Elf:1    | Entered Level 1 of the Elven Halls
 37126 | Elf:1    | Noticed Agnes
 37140 | Elf:1    | Killed Agnes
 37443 | Elf:1    | Identified the serpent talisman of the Equator {Fly rF+ rC+
                  | Int-4}
 37443 | Elf:1    | Noticed Aizul
 37454 | Elf:1    | Killed Aizul
 37463 | Elf:1    | Received a gift from Okawaru
 37896 | Elf:1    | Found Kireozxa's Book Emporium.
 37940 | Abyss:4  | Cast into level 4 of the Abyss (a deep elf sorcerer)
 38038 | Elf:1    | Escaped the Abyss
 38104 | Elf:1    | HP: 7/159 [deep elf zephyrmancer/bolt of lightning (26)]
 38497 | Elf:1    | Found a shimmering blue altar of Sif Muna.
 39356 | Shoals:1 | Entered Level 1 of the Shoals
 39356 | Shoals:1 | Found Wivalu's Assorted Antiques.
 39384 | Shoals:1 | Reached skill level 20 in Shields
 39396 | Shoals:1 | Bought a scroll of brand weapon for 180 gold pieces
 39396 | Shoals:1 | Bought 2 potions of heal wounds for 190 gold pieces
 39396 | Shoals:1 | Bought a potion of heal wounds for 95 gold pieces
 39410 | Shoals:1 | Found Wimuilet's Assorted Antiques.
 39424 | Shoals:1 | Bought a pitted hat for 315 gold pieces
 39424 | Shoals:1 | Identified the +0 hat of Faatt {+Inv rElec Int-5} (You
                  | bought it in a shop on level 1 of the Shoals)
 39427 | Shoals:1 | Bought a runed demon blade for 630 gold pieces
 39647 | Shoals:1 | Received a gift from Okawaru
 40032 | Shoals:1 | Found Joacw's Antique Weapon Shoppe.
 40682 | Shoals:2 | Reached XP level 18. HP: 157/172 MP: 18/18
 40851 | Shoals:2 | Received a gift from Okawaru
 41914 | Shoals:3 | Found Mejui's Armour Shoppe.
 41926 | Shoals:3 | Found Ribrigus's Book Shoppe.
 42426 | Shoals:3 | Found Neeh's Antique Armour Shoppe.
 42527 | Shoals:4 | Entered Level 4 of the Shoals
 42537 | Shoals:4 | Reached skill level 21 in Shields
 42607 | Shoals:4 | Noticed Mara
 42607 | Shoals:4 | Noticed Mlioglotl
 42621 | Shoals:3 | Killed Mara
 42621 | Shoals:3 | Received a gift from Okawaru
 42654 | Shoals:3 | Killed Mlioglotl
 43090 | Shoals:4 | Got a barnacled rune of Zot
 43250 | Shoals:4 | Got Dispater's Elucidation of Friendly Striking
 43520 | Shoals:4 | Received a gift from Okawaru
 44144 | Spider:4 | Entered Level 4 of the Spider Nest
 45055 | Spider:3 | HP: 1/176 [radroach (25)]
 45333 | Spider:4 | Reached skill level 22 in Shields
 45641 | Spider:4 | Reached XP level 19. HP: 94/183 MP: 13/20
 45789 | Spider:4 | Received a gift from Okawaru
 46230 | Spider:4 | Got a gossamer rune of Zot
 46638 | D:13     | Reached XP level 20. HP: 53/191 MP: 21/21
 47220 | Elf:2    | Found a runed translucent gate.
 47220 | Elf:2    | Found a runed translucent gate.
 47220 | Elf:2    | Found a runed translucent gate.
 47836 | Elf:3    | Entered Level 3 of the Elven Halls
 47838 | Elf:3    | Received a gift from Okawaru
 48734 | Elf:2    | Reached skill level 23 in Shields
 49102 | Elf:3    | Noticed Asterion
 49123 | Elf:3    | Killed Asterion
 49262 | Elf:3    | Identified the +8 mace "Ratuelon" {flame, rPois}
 49411 | Elf:3    | Identified the +1 leather armour "Wostaed" {rCorr}
 49435 | Elf:3    | Received a gift from Okawaru
 49734 | Elf:3    | Paralysed by an air elemental for 1 turns
 49808 | Elf:3    | Identified the +0 leather armour "Mighis" {rC++ rCorr}
 50617 | Elf:2    | Received a gift from Okawaru
 51352 | Elf:3    | Reached XP level 21. HP: 173/193 MP: 22/22
 51448 | Elf:3    | Got the Writings on Unlucky Clay
 51627 | Elf:3    | Identified the +6 plate armour "Zeruck" {rElec Regen+}
 52665 | Vaults:1 | Entered Level 1 of the Vaults
 52784 | Vaults:1 | Reached skill level 1 in Evocations
 52789 | Vaults:1 | Noticed Donald
 52808 | Vaults:1 | Killed Donald
 52905 | Vaults:1 | Noticed Nikola
 52920 | Vaults:1 | Killed Nikola
 53006 | Vaults:1 | Reached skill level 24 in Shields
 53094 | Vaults:1 | Acquired the +0 pair of gloves "Loruol" {Str+3 Dex+2}
 53094 | Vaults:1 | Received a gift from Okawaru
 53108 | Vaults:1 | Acquired a +6 double sword of distortion
 53108 | Vaults:1 | Received a gift from Okawaru
 54297 | Vaults:1 | Identified the storm talisman "Koigh" {Will- Str+3 Int+7
                  | Stlth+}
 54343 | Vaults:2 | Received a gift from Okawaru
 54360 | Vaults:2 | Found Vudamuen's Weapon Boutique.
 54859 | Vaults:2 | Received a gift from Okawaru
 55060 | Vaults:2 | Found a staircase to the Crypt.
 55179 | Vaults:2 | Received a gift from Okawaru
 55610 | Vaults:3 | Reached skill level 25 in Shields
 55626 | Vaults:3 | Reached XP level 22. HP: 90/215 MP: 23/23
 55715 | Vaults:3 | Found Saliamm's Distillery.
 55729 | Vaults:3 | You are sucked into a shaft and drop 1 floor!
 55764 | Vaults:3 | Found a flickering gateway to a bazaar.
 55775 | Bazaar   | Entered a bazaar
 55779 | Bazaar   | Found Zuedghaeph's Jewellery Boutique.
 55801 | Bazaar   | Found Kimasov's Antique Armour Emporium.
 55822 | Bazaar   | Found Oluun's Book Boutique.
 55842 | Bazaar   | Found Emawang's Antique Weapon Shoppe.
 55869 | Bazaar   | Bought the ring of Doanken {rPois rF+} for 408 gold pieces
 55885 | Bazaar   | Bought a fine scale mail for 243 gold pieces
 55885 | Bazaar   | Identified the +4 scale mail of Altruism {rF+} (You bought
                  | it in a shop in a bazaar)
 56050 | Vaults:3 | Bought a potion of experience for 850 gold pieces
 56050 | Vaults:3 | Bought 2 potions of heal wounds for 170 gold pieces
 56122 | Vaults:1 | Reached XP level 23. HP: 70/223 MP: 24/24
 56879 | Vaults:3 | Received a gift from Okawaru
 58054 | Vaults:4 | Identified the ring "Behuyry" {rElec rF- Will+ rCorr}
 58823 | Vaults:4 | Received a gift from Okawaru
 58976 | Vaults:4 | Reached skill level 26 in Shields
 59036 | Vaults:4 | Found Nuero's Magic Scroll Shoppe.
 59044 | Vaults:4 | Bought a scroll of revelation for 150 gold pieces
 59372 | Vaults:5 | Entered Level 5 of the Vaults
 59509 | Vaults:5 | Noticed Bai Suzhen
 59518 | Vaults:4 | Received a gift from Okawaru
 59560 | Vaults:4 | Killed Bai Suzhen
 60150 | Vaults:4 | Killed from afar by a deep elf high priest

Illustrated notes

Levels and vault maps discovered:
D:1:      nzn_arrival_water_spiral, layout_loops_ring
D:2:      kennysheep_six_static_rooms, layout_basic, uniq_robin,
          uniq_crazy_yiuf_cottage
D:3:      layout_basic, serial_shops, shop, chequers_mini_garden
D:4:      layout_basic, uniq_grinder
D:5:      gammafunk_cloud_chamber, layout_basic, minitemple, uniq_eustachio
D:6:      kennysheep_steamy, layout_basic, dk_xom_monty_hall, serial_shops,
          shop, st_stairs_2, kennysheep_generic_room_4
D:7:      layout_basic, minmay_temple_entry_slanted, guppyfry_shop_venom
D:8:      layout_loops_corners, erik_lair_island, serial_shops, shop,
          minmay_crystal_water, hangedman_abyss_or_decor_slice
D:9:      cheibrodos_barr_body, layout_loops_ring, nicolae_underground_beach,
          uniq_maggie, uniq_erica
D:10:     layout_rooms, jmf_multi_god_temple, nicolae_where_there's_smoke,
          uniq_joseph, uniq_nergalle, uniq_amaemon
D:11:     layout_loops_ring, erik_orc_4
D:12:     minmay_evil_eye, layout_long_grid, portal_ice_cave_entry_imps,
          chequers_serial_rivers_micro_b, uniq_fannar
D:13:     layout_big_octagon, chequers_guarded_unrand_ignorance, uniq_josephine,
          uniq_frances
D:14:     layout_rooms, hangedman_vaults_entry_quadrant_bands,
          chequers_serial_rivers_micro_a, minmay_variable_closet, uniq_roxanne
D:15:     grunt_enter_depths_hoard, layout_rooms, serial_shops,
          nicolae_shop_tiny_real_fake_doors, cheibrodos_ashenzari_chains,
          chequers_garden, okawaru_ov_weapons_minmay
Temple:   nicolae_temple_bog_church
Lair:1:   layout_cave_pods, gammafunk_ghost_grave
Lair:2:   layout_regular_city, mainiacjoe_shoals_entry_four_pools,
          spider_nest_entry_web_field, uniq_gastronok
Lair:3:   layout_chaotic_city, hellmonk_guarded_unrand_vines,
          lemuel_fruit_fields
Lair:4:   layout_cave_pods, lemuel_fruit_tree, serial_bayou_shore_b
Lair:5:   evilmike_catoblepas_cave, layout_concentric_octagons,
          nicolae_slime_entry_slimehenge, st_stairs_5, grunt_megastairs_3
Shoals:1: layout_shoals, serial_shops, shop, shop, shop
Shoals:2: layout_shoals, nicolae_shoals_hunting_party
Shoals:3: layout_shoals, serial_shops, nicolae_shop_behind_doors,
          nicolae_shop_back_alley_shop, shop
Shoals:4: shoals_end_grunt_ice, layout_shoals, uniq_mara, uniq_mlioglotl
Spider:1: layout_cave_pods, uniq_rupert
Spider:2: layout_chambers, nicolae_spider_checkerboard
Spider:3: layout_spider_delve, nicolae_spider_bug_shape
Spider:4: spider_rune_water
Orc:1:    layout_caves
Orc:2:    st_orc_pillars, layout_diamond_mine, uniq_nessos, uniq_sonja
Elf:1:    eino_elf_arrival_the_gate, layout_geoelf_grid, serial_shops,
          nicolae_shop_trees, hangedman_elf_disciples,
          hellmonk_sif_muna_bookshelves, uniq_aizul, uniq_agnes
Elf:2:    elven_hall_of_blades_hangedman_original
          [nicolae_blade_entry_floor_patterns], layout_loops_corners,
          minmay_strange_pillars
Elf:3:    minmay_elf_hall_not_hex, layout_onion_city, grunt_megastairs_4,
          uniq_asterion
Vaults:1: v_misc_12, v_rooms_4, nicolae_vaults_trapezoid_4,
          nicolae_vaults_hallways_thing, vaults_dpeg_cross, v_misc_12,
          nicolae_vaults_triangles, nicolae_vaults_tangram_1,
          nicolae_vaults_security_offices_3,
          nicolae_vaults_trapezoid_lopsided_3, nicolae_vaults_house_1,
          nicolae_vaults_tetromino_L_1, layout_vaults_omnigrid, uniq_donald,
          uniq_nikola
Vaults:2: hangedman_vaults_capsules, nicolae_vaults_specimen_jars,
          hangedman_vaults_trim, grunt_vaults_twisty,
          hangedman_vaults_corner_blocks, ontoclasm_vaults_idyll, v_misc_11,
          minmay_crypt_entry_simple_round, vaults_room_semicircle,
          nicolae_vaults_tetromino_L_1, nicolae_vaults_border_crossing,
          vaults_room_hallway, nicolae_vaults_mini_display_case,
          layout_vaults_maze_bifur, serial_shops, shop
Vaults:3: hangedman_vaults_stream, grunt_vaults_focal, v_misc_11,
          nicolae_vaults_ring_of_whatevers, nicolae_vaults_closet_pinwheel_1,
          vaults_room_boxed, layout_vaults_chaotic_city, serial_shops,
          bzr_entry_islet, nicolae_diamond_shop
Vaults:4: v_misc_8, nicolae_vaults_surprise_closet, v_misc_24,
          nicolae_vaults_spaceships, nicolae_vaults_ellipses_ellipsis,
          hangedman_surveillance_ring, nicolae_vaults_alarming,
          hangedman_vaults_variations, nicolae_vaults_double_plus_2,
          nicolae_vaults_cochlea, nicolae_vaults_doubleplus_tesselated,
          layout_vaults_omnicross, serial_shops, shop
Vaults:5: uniq_mennas, uniq_bai_suzhen, uniq_margery

Skill      XL: |  1  2  3  4  5  6  7  8  9 10 11 12 13 14 15 16 17 18 19 20 21 22 23 |
---------------+----------------------------------------------------------------------+-----
Fighting       | 4 5 6 8 9 10 11 13 14 15 17 18 19 20 21 22 23 | 23.0
Shields        | 4 5 6 7 8 10 12 14 16 18 20 22 23 25 26 | 26.6
Armour         | 4 5 6 7 8 9 11 12 13 14 15 16 17 18 19 20 | 20.9
Long Blades    | 3 5 6 7 9 10 12 13 14 15 16 17 18 19 20 21 22 | 22.7
Dodging        | 1 2 3 4 5 6 7 8 |  8.3
Shapeshifting  | 1 3 4 5 6 7 8 |  8.1
Stealth        | 1 2 3 4 |  4.8
Invocations    | 1 2 3 |  3.3
Evocations     | 1 |  1.7

Action                     |  1- 3 |  4- 6 |  7- 9 | 10-12 | 13-15 | 16-18 | 19-21 | 22-24 || total
---------------------------+-------+-------+-------+-------+-------+-------+-------+-------++-------
  Melee: Long sword        |    95 |   176 |   205 |   162 |       |       |       |       ||   638
         Headbutt          |    11 |    26 |    51 |   175 |   455 |   578 |   274 |   147 ||  1717
         Scimitar          |       |       |       |   554 |  1445 |  1074 |       |       ||  3073
         Maw               |       |       |       |       |   130 |     7 |       |       ||   137
         Demon blade       |       |       |       |       |       |   789 |   527 |       ||  1316
         Double sword      |       |       |       |       |       |       |   436 |   436 ||   872
 Invoke: Heroism           |       |       |       |    14 |     8 |    10 |     7 |     1 ||    40
         Receive Weapon    |       |       |       |       |       |       |     1 |       ||     1
         Receive Armour    |       |       |       |       |       |       |     1 |       ||     1
  Evoke: Wand              |       |       |       |     5 |     3 |       |    11 |       ||    19
    Use: Potion            |     1 |     2 |       |     8 |     4 |    10 |     4 |     1 ||    30
         Scroll            |       |     5 |     7 |     9 |    10 |    10 |    13 |     3 ||    57
   Stab: Sleeping          |       |       |       |       |     2 |       |       |       ||     2
         Distracted        |       |       |       |       |       |       |     9 |     7 ||    16
 Armour: Scale mail        |   112 |   127 |       |       |       |       |       |       ||   239
         Chain mail        |       |       |   165 |   394 |       |       |       |       ||   559
         Skin              |       |       |     1 |       |   131 |     2 |     9 |       ||   143
         Crystal plate arm |       |       |       |    65 |   772 |  1765 |   400 |       ||  3002
         Plate armour      |       |       |       |       |       |       |   306 |   517 ||   823
  Dodge: Dodged            |    84 |    95 |    93 |   241 |   355 |   624 |   361 |   363 ||  2216
  Block: Buckler           |    24 |    51 |    71 |    83 |       |       |       |       ||   229
         Kite shield       |       |       |       |   253 |  1042 |  1821 |   894 |   624 ||  4634
         Reflection        |       |       |       |       |       |       |    19 |    28 ||    47
   Form: Beast             |       |       |     1 |       |       |       |       |       ||     1
                           |       |       |       |       |     4 |     2 |     1 |     1 ||     8
         Maw               |       |       |       |       |     3 |     2 |     1 |       ||     6
         Dragon            |       |       |       |       |     1 |       |     1 |     1 ||     3
         Death             |       |       |       |       |       |     1 |     1 |       ||     2
         Serpent           |       |       |       |       |       |     1 |       |     1 ||     2
         Statue            |       |       |       |       |       |       |       |     1 ||     1
         Storm             |       |       |       |       |       |       |       |     1 ||     1
